AoeStats
← Arakli61

Arabia

507858630Analyzed
2v2 RM · 13d ago on Sep 20, 2026· 56m 43s· 4 players
Game mode
Random Map
Map size
Medium (4 player)
Population
200
Speed
Normal
Resources
Standard
Victory
Conquest
Starting age
Dark Age
Ending age
Imperial Age
RankedLock teamsTeams togetherTeam positionsShared explorationLock speedFull tech treeHidden civsTurbo modeCheats
Victory
Defeat
🇹🇷 Goths · Türkiye
1120
+15
🇹🇷 Ethiopians · Türkiye
1092
+16
🇦🇷 Sicilians · Argentina
1107
-17
🇨🇱 Franks · Chile
1068
-14
Kurt <3
3:33 Loom
10:11 Feudal Age
11:16 Double-Bit Axe
19:11 Castle Age
21:37 Scale Barding Armor
23:00 Bow Saw
26:57 Forging
27:08 Chain Barding Armor
29:19 Wheelbarrow
31:00 Stone Mining
38:49 Imperial Age
37:44 Iron Casting
38:32 Gold Mining
38:52 Husbandry
40:11 Hand Cart
39:22 Heavy Scorpion
39:31 Cavalier
42:21 Plate Barding Armor
44:26 Paladin
45:29 Town Watch
51:57 Ballistics
52:38 Chemistry
51:44 Siege Engineers
BJ
3:14 Loom
10:23 Feudal Age
13:21 Double-Bit Axe
14:13 Wheelbarrow
19:44 Padded Archer Armor
20:32 Scale Mail Armor
23:50 Castle Age
22:28 Fletching
22:49 Forging
25:30 Leather Archer Armor
25:32 Chain Mail Armor
24:45 Elite Skirmisher
26:14 Bodkin Arrow
28:03 Gold Mining
29:19 Hand Cart
33:31 Town Watch
38:33 Imperial Age
37:31 Iron Casting
40:02 Bracer
44:09 Ballistics
44:51 Chemistry
47:05 Conscription
Quack35
5:08 Loom
11:32 Feudal Age
12:43 Horse Collar
14:06 Man-at-Arms
23:51 Castle Age
21:58 Scale Mail Armor
23:56 Forging
24:21 Long Swordsman
25:03 Squires
25:52 Wheelbarrow
25:04 Town Watch
25:51 Heavy Plow
25:47 Pikeman
27:12 Chain Mail Armor
26:49 Double-Bit Axe
27:00 Gold Mining
42:11 Imperial Age
40:52 Iron Casting
43:17 Conscription
45:05 Two-Handed Swordsman
46:22 Champion
47:03 Halberdier
49:02 Hand Cart
55:09 Capped Ram
Arakli61
4:36 Loom
10:01 Feudal Age
11:26 Double-Bit Axe
11:26 Horse Collar
21:23 Castle Age
19:56 Gold Mining
20:31 Padded Archer Armor
21:09 Fletching
23:13 Bow Saw
23:34 Stone Mining
23:07 Crossbowman
24:03 Heavy Plow
25:11 Thumb Ring
25:17 Thumb Ring
27:27 Wheelbarrow
27:21 Bodkin Arrow
29:27 Gold Shaft Mining
29:14 Hand Cart
29:48 Leather Archer Armor
32:09 Ballistics
34:46 Imperial Age
32:24 Elite Skirmisher
36:08 Ring Archer Armor
36:09 Conscription
36:51 Bracer
37:55 Chemistry
38:42 Two-Man Saw
37:40 Arbalester
39:47 Stone Shaft Mining
51:56 Squires
51:41 Arson
52:00 Scale Mail Armor
52:11 Forging
Connection lost

Rejoining the realm…

Still unreachable

The connection could not be restored.

Session expired

The server has moved on; the page needs a fresh start.